| TOP OF THE 1ST |
|
Tidewater Tides batting - Pitching for Columbus Clippers : LHP Brooks Carey
|
|
Pitching: LHP Brooks Carey
|
|
|
Batting: RHB Anthony Lachowetz
|
0-0: Ball 1-0: Ball 2-0: Swinging Strike 2-1: Ball 3-1: Called Strike 3-2: Foul Ball, location: 2F 3-2: SINGLE (Line Drive, 34, EV 103.8 MPH)
|
|
Batting: RHB German Rivera
|
0-0: Ball 1-0: Foul Ball, location: 2F 1-1: Ball 2-1: Foul Ball, location: 2F 2-2: Foul Ball, location: 2F 2-2: SINGLE (Line Drive, 4D, EV 97.5 MPH) Anthony Lachowetz to second Runner from 2nd tries for 3rd, SAFE, throw by RF made to third
|
|
Batting: RHB Brad Komminsk
|
0-0: Ball 1-0: Ball 2-0: Called Strike 2-1: Called Strike 2-2: SINGLE (Line Drive, 7LM, EV 93.8 MPH) Anthony Lachowetz scores German Rivera to second
|
|
Batting: LHB Dave Kable
|
0-0: Called Strike 0-1: Ball 1-1: Ball 2-1: Foul Ball, location: 2F 2-2: Foul Ball, location: 2F 2-2: Foul Ball, location: 2F 2-2: Foul Ball, location: 2F 2-2: Foul Ball, location: 2F 2-2: Foul Ball, location: 2F 2-2: Ball 3-2: Foul Ball, location: 2F 3-2: Foul Ball, location: 2F 3-2: Foul Ball, location: 2F 3-2: DOUBLE (Flyball, 78XD, EV 90.0 MPH) German Rivera scores Brad Komminsk to third Brad Komminsk scores
|
|
Batting: RHB Mike Rex
|
0-0: Ball 1-0: Ball 2-0: Ball 3-0: Called Strike 3-1: Called Strike 3-2: Foul Ball, location: 2F 3-2: Base on Balls
|
|
Batting: RHB George Gomez
|
0-0: Called Strike 0-1: Fly out, F7 (Flyball, 7, EV 79.4 MPH)
|
|
Batting: RHB Thomas Walker
|
0-0: Foul Ball, location: 2F 0-1: Swinging Strike 0-2: Ball 1-2: Grounds into double play, 4-6-3 (Groundball, 4, EV 80.6 MPH)
|
| Top of the 1st over - 3 runs, 4 hits, 0 errors, 1 left on base; Tidewater 3 - Columbus 0 |
| BOTTOM OF THE 1ST |
|
Columbus Clippers batting - Pitching for Tidewater Tides : LHP Gustavo Santiago
|
|
Pitching: LHP Gustavo Santiago
|
|
|
Batting: RHB Donell Nixon
|
0-0: Ball 1-0: Ball 2-0: Called Strike 2-1: Ball 3-1: Foul Ball, location: 2F 3-2: Ground out 6-3 (Groundball, 6, EV 84.4 MPH)
|
|
Batting: LHB Elijah Bonaparte
|
0-0: Called Strike 0-1: Called Strike 0-2: SINGLE (Groundball, 34D, EV 106.3 MPH)
|
|
Batting: LHB Barry Butera
|
0-0: Ball 1-0: Ball 2-0: Called Strike 2-1: Swinging Strike 2-2: Strikes out swinging
|
|
Batting: RHB Tracy Anderson
|
0-0: Ball 1-0: Ground out U3 (Groundball, 3L, EV 85.6 MPH)
|
| Bottom of the 1st over - 0 runs, 1 hit, 0 errors, 1 left on base; Tidewater 3 - Columbus 0 |
| TOP OF THE 2ND |
|
Tidewater Tides batting - Pitching for Columbus Clippers : LHP Brooks Carey
|
|
Batting: LHB Mike Martin
|
0-0: Swinging Strike 0-1: Foul Ball, location: 2F 0-2: Ball 1-2: Fly out, F6 (Popup, 56, EV 80.6 MPH)
|
|
Batting: SHB Julio Valdez
|
0-0: Ground out 4-3 (Groundball, 4S, EV 89.4 MPH)
|
|
Batting: RHB Anthony Lachowetz
|
0-0: Ball 1-0: Called Strike 1-1: Swinging Strike 1-2: Ball 2-2: Ball 3-2: Foul Ball, location: 2F 3-2: Strikes out looking
|
| Top of the 2nd over - 0 runs, 0 hits, 0 errors, 0 left on base; Tidewater 3 - Columbus 0 |
| BOTTOM OF THE 2ND |
|
Columbus Clippers batting - Pitching for Tidewater Tides : LHP Gustavo Santiago
|
|
Batting: LHB Jordan Medrano
|
0-0: Ball 1-0: Ball 2-0: Ground out 4-3 (Groundball, 4S, EV 90.0 MPH)
|
|
Batting: LHB Gene Gentile
|
0-0: Ball 1-0: Fly out, F3 (Popup, 34, EV 67.5 MPH)
|
|
Batting: RHB Larry Bowie
|
0-0: Ball 1-0: SINGLE (Flyball, 34D, EV 92.5 MPH)
|
|
Batting: RHB Luis Aguayo
|
0-0: Foul Ball, location: 2F 0-1: Ball 1-1: SINGLE (Line Drive, 6M, EV 100.0 MPH) Larry Bowie to second
|
|
Batting: RHB Alex Rodriguez
|
0-0: Ball 1-0: Called Strike 1-1: Called Strike 1-2: Ground out 1-3 (Groundball, 34S, EV 63.8 MPH)
|
| Bottom of the 2nd over - 0 runs, 2 hits, 0 errors, 2 left on base; Tidewater 3 - Columbus 0 |
| TOP OF THE 3RD |
|
Tidewater Tides batting - Pitching for Columbus Clippers : LHP Brooks Carey
|
|
Batting: RHB German Rivera
|
0-0: Ball 1-0: Fly out, F8 (Flyball, 8LM, EV 89.4 MPH)
|
|
Batting: RHB Brad Komminsk
|
0-0: Foul Ball, location: 2F 0-1: Fly out, F9 (Flyball, 9, EV 94.4 MPH)
|
|
Batting: LHB Dave Kable
|
0-0: Called Strike 0-1: Ball 1-1: Foul Ball, location: 2F 1-2: SINGLE (Groundball, 34D, EV 98.8 MPH)
|
|
Batting: RHB Mike Rex
|
0-0: Ball 1-0: Swinging Strike 1-1: Ball 2-1: Ball 3-1: Foul Ball, location: 2F 3-2: Foul Ball, location: 2F 3-2: Strikes out swinging
|
| Top of the 3rd over - 0 runs, 1 hit, 0 errors, 1 left on base; Tidewater 3 - Columbus 0 |
| BOTTOM OF THE 3RD |
|
Columbus Clippers batting - Pitching for Tidewater Tides : LHP Gustavo Santiago
|
|
Batting: RHB Donell Nixon
|
0-0: Ball 1-0: Fly out, F8 (Flyball, 8RM, EV 85.6 MPH)
|
|
Batting: LHB Elijah Bonaparte
|
0-0: Ground out 4-3 (Groundball, 4, EV 103.1 MPH)
|
|
Batting: LHB Barry Butera
|
0-0: Ball 1-0: Fly out, F6 (Popup, 6M, EV 65.6 MPH)
|
| Bottom of the 3rd over - 0 runs, 0 hits, 0 errors, 0 left on base; Tidewater 3 - Columbus 0 |
| TOP OF THE 4TH |
|
Tidewater Tides batting - Pitching for Columbus Clippers : LHP Brooks Carey
|
|
Batting: RHB George Gomez
|
0-0: Swinging Strike 0-1: Ball 1-1: Ball 2-1: Ground out 6-3 (Groundball, 6, EV 85.0 MPH)
|
|
Batting: RHB Thomas Walker
|
0-0: Ball 1-0: Ball 2-0: Ball 3-0: Base on Balls
|
|
Batting: LHB Mike Martin
|
0-0: Ball 1-0: Fly out, F5 (Popup, 5, EV 59.4 MPH)
|
|
Batting: SHB Julio Valdez
|
0-0: Called Strike 0-1: Ground out 6-3 (Groundball, 6S, EV 81.9 MPH)
|
| Top of the 4th over - 0 runs, 0 hits, 0 errors, 1 left on base; Tidewater 3 - Columbus 0 |
| BOTTOM OF THE 4TH |
|
Columbus Clippers batting - Pitching for Tidewater Tides : LHP Gustavo Santiago
|
|
Batting: RHB Tracy Anderson
|
0-0: Called Strike 0-1: SINGLE (Line Drive, 7S, EV 95.6 MPH)
|
|
Batting: LHB Jordan Medrano
|
0-0: Fly out, F7 (Flyball, 7, EV 85.6 MPH)
|
|
Batting: LHB Gene Gentile
|
Pickoff Throw to First - Error! E1 Tracy Anderson to second 0-0: Ball 1-0: Fly out, F8 (Line Drive, 8LD, EV 106.3 MPH)
|
|
Batting: RHB Larry Bowie
|
0-0: Fly out, F8 (Flyball, 8LM, EV 93.1 MPH)
|
| Bottom of the 4th over - 0 runs, 1 hit, 1 error, 1 left on base; Tidewater 3 - Columbus 0 |
| TOP OF THE 5TH |
|
Tidewater Tides batting - Pitching for Columbus Clippers : LHP Brooks Carey
|
|
Batting: RHB Anthony Lachowetz
|
0-0: Called Strike 0-1: Swinging Strike 0-2: Ball 1-2: Ball 2-2: Ball 3-2: Foul Ball, location: 2F 3-2: Strikes out swinging
|
|
Batting: RHB German Rivera
|
0-0: Called Strike 0-1: Called Strike 0-2: Ball 1-2: Ball 2-2: Strikes out looking
|
|
Batting: RHB Brad Komminsk
|
0-0: Called Strike 0-1: Swinging Strike 0-2: Ball 1-2: Strikes out swinging
|
| Top of the 5th over - 0 runs, 0 hits, 0 errors, 0 left on base; Tidewater 3 - Columbus 0 |
| BOTTOM OF THE 5TH |
|
Columbus Clippers batting - Pitching for Tidewater Tides : LHP Gustavo Santiago
|
|
Batting: RHB Luis Aguayo
|
0-0: Ball 1-0: Called Strike 1-1: Swinging Strike 1-2: Reached on error, E6 (Groundball, 56, EV 106.3 MPH)
|
|
Batting: RHB Alex Rodriguez
|
0-0: Bunt missed! 0-1: Bunt missed! 0-2: 2-RUN HOME RUN (Line Drive, 7LD, EV 105.6 MPH), Distance : 361 ft
|
|
Batting: RHB Donell Nixon
|
0-0: Called Strike 0-1: Swinging Strike 0-2: Strikes out swinging
|
|
Batting: LHB Elijah Bonaparte
|
0-0: Ball 1-0: Swinging Strike 1-1: Swinging Strike 1-2: Ground out U3 (Groundball, 3S, EV 71.3 MPH)
|
|
Batting: LHB Barry Butera
|
0-0: Fly out, F4 (Popup, 4, EV 53.8 MPH)
|
| Bottom of the 5th over - 2 runs, 1 hit, 1 error, 0 left on base; Tidewater 3 - Columbus 2 |
| TOP OF THE 6TH |
|
Tidewater Tides batting - Pitching for Columbus Clippers : LHP Brooks Carey
|
|
Batting: LHB Dave Kable
|
0-0: Foul Ball, location: 2F 0-1: Foul Ball, location: 2F 0-2: Foul Ball, location: 2F 0-2: Ball 1-2: Ground out U3 (Groundball, 34, EV 107.5 MPH)
|
|
Batting: RHB Mike Rex
|
0-0: Ground out 5-3 (Groundball, 56, EV 86.9 MPH)
|
|
Batting: RHB George Gomez
|
0-0: Foul Ball, location: 2F 0-1: Foul Ball, location: 2F 0-2: Ball 1-2: Ball 2-2: Fly out, F9 (Flyball, 89S, EV 85.6 MPH)
|
| Top of the 6th over - 0 runs, 0 hits, 0 errors, 0 left on base; Tidewater 3 - Columbus 2 |
| BOTTOM OF THE 6TH |
|
Columbus Clippers batting - Pitching for Tidewater Tides : LHP Gustavo Santiago
|
|
Batting: RHB Tracy Anderson
|
0-0: Ball 1-0: Ball 2-0: Ball 3-0: Foul Ball, location: 2F 3-1: Ground out 4-3 (Groundball, 4, EV 88.1 MPH)
|
|
Batting: LHB Jordan Medrano
|
0-0: Ball 1-0: Called Strike 1-1: Fly out, F9 (Flyball, 89M, EV 98.8 MPH)
|
|
Batting: LHB Gene Gentile
|
0-0: Ball 1-0: Swinging Strike 1-1: Called Strike 1-2: Strikes out swinging
|
| Bottom of the 6th over - 0 runs, 0 hits, 0 errors, 0 left on base; Tidewater 3 - Columbus 2 |
| TOP OF THE 7TH |
|
Tidewater Tides batting - Pitching for Columbus Clippers : LHP Brooks Carey
|
|
Batting: RHB Thomas Walker
|
0-0: Called Strike 0-1: Ball 1-1: Ball 2-1: DOUBLE (Flyball, 78D, EV 92.5 MPH)
|
|
Batting: LHB Mike Martin
|
0-0: Intentional Walk
|
|
Batting: SHB Julio Valdez
|
0-0: Bunt missed! 0-1: Reached on error, E5 (Groundball, 5S, EV 43.8 MPH) Thomas Walker scores Mike Martin to third
|
|
Batting: RHB Anthony Lachowetz
|
0-0: Ball 1-0: Ball 2-0: Called Strike 2-1: Ball 3-1: Base on Balls
|
|
Pitching: RHP Steven Javie
|
|
|
Batting: RHB German Rivera
|
0-0: Ball 1-0: Called Strike 1-1: Ball 2-1: Ball 3-1: Grounds into fielders choice 4-2 (Groundball, 4S, EV 66.3 MPH) Julio Valdez to third Anthony Lachowetz to second
|
|
Batting: RHB Brad Komminsk
|
0-0: Foul Ball, location: 2F 0-1: Ball 1-1: SINGLE (Groundball, 25, EV 67.5 MPH) (infield hit) Julio Valdez scores Anthony Lachowetz to third German Rivera to second
|
|
Batting: LHB Dave Kable
|
0-0: Swinging Strike 0-1: Foul Ball, location: 2F 0-2: Strikes out swinging
|
|
Batting: RHB Mike Rex
|
0-0: Fly out, F8 (Flyball, 8LM, EV 93.1 MPH)
|
| Top of the 7th over - 2 runs, 2 hits, 1 error, 3 left on base; Tidewater 5 - Columbus 2 |
| BOTTOM OF THE 7TH |
|
Columbus Clippers batting - Pitching for Tidewater Tides : LHP Gustavo Santiago
|
|
Batting: RHB Larry Bowie
|
0-0: Ball 1-0: Ball 2-0: Swinging Strike 2-1: Foul Ball, location: 2F 2-2: Strikes out swinging
|
|
Batting: RHB Luis Aguayo
|
0-0: Called Strike 0-1: Ground out 4-3 (Groundball, 4, EV 101.3 MPH)
|
|
Batting: RHB Alex Rodriguez
|
0-0: Ball 1-0: Called Strike 1-1: Fly out, F9 (Flyball, 89M, EV 96.3 MPH)
|
| Bottom of the 7th over - 0 runs, 0 hits, 0 errors, 0 left on base; Tidewater 5 - Columbus 2 |
| TOP OF THE 8TH |
|
Tidewater Tides batting - Pitching for Columbus Clippers : RHP Steven Javie
|
|
Batting: RHB George Gomez
|
0-0: SINGLE (Groundball, 56D, EV 98.1 MPH)
|
|
Batting: RHB Thomas Walker
|
0-0: Bunted foul 0-1: Bunted foul 0-2: Ball 1-2: Ball 2-2: Foul Ball, location: 2F 2-2: SINGLE (Line Drive, 5D, EV 100.0 MPH) George Gomez to second
|
|
Batting: LHB Mike Martin
|
0-0: Called Strike 0-1: Ball 1-1: Fly out, F9 (Flyball, 9S, EV 87.5 MPH)
|
|
Batting: SHB Julio Valdez
|
0-0: Called Strike 0-1: Ball 1-1: Fielders Choice at 2nd, 4-6 (Groundball, 4, EV 83.1 MPH) George Gomez to third
|
|
Batting: RHB Anthony Lachowetz
|
0-0: Fly out, F4 (Popup, 4M, EV 72.5 MPH)
|
| Top of the 8th over - 0 runs, 2 hits, 0 errors, 2 left on base; Tidewater 5 - Columbus 2 |
| BOTTOM OF THE 8TH |
|
Columbus Clippers batting - Pitching for Tidewater Tides : LHP Gustavo Santiago
|
|
Now in RF: Juan Garcia
|
|
|
Batting: RHB Donell Nixon
|
0-0: Called Strike 0-1: Ball 1-1: Fly out, F8 (Flyball, 8RD, EV 105.6 MPH)
|
|
Batting: LHB Elijah Bonaparte
|
0-0: Foul Ball, location: 2F 0-1: Ball 1-1: Ball 2-1: Ball 3-1: Foul Ball, location: 2F 3-2: Base on Balls
|
|
Batting: LHB Barry Butera
|
0-0: Ball 1-0: Ball 2-0: Ball 3-0: Called Strike 3-1: SINGLE (Line Drive, 6D, EV 96.3 MPH) Elijah Bonaparte to second
|
|
Batting: RHB Tracy Anderson
|
0-0: Called Strike 0-1: Ball 1-1: Fly out, F9 (Flyball, 89D, EV 85.6 MPH) Runner from 2nd tags up, SAFE at 3rd, no throw by RF
|
|
Batting: LHB Jordan Medrano
|
0-0: Ball 1-0: Fly out, F9 (Flyball, 9, EV 87.5 MPH)
|
| Bottom of the 8th over - 0 runs, 1 hit, 0 errors, 2 left on base; Tidewater 5 - Columbus 2 |
| TOP OF THE 9TH |
|
Tidewater Tides batting - Pitching for Columbus Clippers : RHP Steven Javie
|
|
Batting: RHB German Rivera
|
0-0: Called Strike 0-1: Fly out, F6 (Popup, 6, EV 61.3 MPH)
|
|
Batting: RHB Brad Komminsk
|
0-0: Swinging Strike 0-1: Foul Ball, location: 2F 0-2: Ball 1-2: Ground out 4-3 (Groundball, 4, EV 91.3 MPH)
|
|
Batting: LHB Dave Kable
|
0-0: Called Strike 0-1: Ball 1-1: Called Strike 1-2: Foul Ball, location: 2F 1-2: Ground out 1-3 (Groundball, 13S, EV 64.4 MPH)
|
| Top of the 9th over - 0 runs, 0 hits, 0 errors, 0 left on base; Tidewater 5 - Columbus 2 |
| BOTTOM OF THE 9TH |
|
Columbus Clippers batting - Pitching for Tidewater Tides : LHP Gustavo Santiago
|
|
Batting: LHB Gene Gentile
|
0-0: Ball 1-0: Called Strike 1-1: Fly out, F7 (Flyball, 7LD, EV 105.6 MPH)
|
|
Batting: RHB Larry Bowie
|
0-0: Ball 1-0: Called Strike 1-1: Fly out, F7 (Flyball, 78D, EV 98.8 MPH)
|
|
Batting: RHB Luis Aguayo
|
0-0: Ball 1-0: Ground out 6-3 (Groundball, 6MD, EV 100.6 MPH)
|
| Bottom of the 9th over - 0 runs, 0 hits, 0 errors, 0 left on base; Tidewater 5 - Columbus 2 |
|